MLB
PITTSBURGH PIRATES @ MILWAUKEE BREWERS
09/07/2044
 
TOP OF THE 1ST
Pittsburgh Pirates batting - Pitching for Milwaukee Brewers : RHP Oleg Bahanov
Pitching: RHP Oleg Bahanov
Batting: RHB Andrew Robinson 0-0: Ball
1-0: Foul Ball, location: 2F
1-1: Ball
2-1: Swinging Strike
2-2: Foul Ball, location: 2F
2-2: Ground out 5-3 (Groundball, 5, EV 86.9 MPH)
Batting: RHB Eisse Bravenboer 0-0: Foul Ball, location: 2F
0-1: Foul Ball, location: 2F
0-2: Ball
1-2: Ball
2-2: Ground out 4-3 (Groundball, 4M, EV 81.3 MPH)
Batting: RHB Jeckel Hester 0-0: Ground out 5-3 (Groundball, 5S, EV 84.4 MPH)
Top of the 1st over - 0 runs, 0 hits, 0 errors, 0 left on base; Pittsburgh 0 - Milwaukee 0
BOTTOM OF THE 1ST
Milwaukee Brewers batting - Pitching for Pittsburgh Pirates : RHP Chris Lincecum II
Pitching: RHP Chris Lincecum II
Batting: RHB Akitada Nishizawa 0-0: Ground out 6-3 (Groundball, 6M, EV 105.6 MPH)
Batting: RHB Emilio Gallegos 0-0: Ball
1-0: Ball
2-0: Fly out, F9 (Flyball, 9LS, EV 86.3 MPH)
Batting: RHB Bobby Muniz 0-0: Foul Ball, location: 2F
0-1: SINGLE (Line Drive, 4MD, EV 103.8 MPH)
Batting: LHB Jeff Taylor 0-0: Ball
1-0: Swinging Strike
1-1: Swinging Strike
1-2: Strikes out swinging
Bottom of the 1st over - 0 runs, 1 hit, 0 errors, 1 left on base; Pittsburgh 0 - Milwaukee 0
TOP OF THE 2ND
Pittsburgh Pirates batting - Pitching for Milwaukee Brewers : RHP Oleg Bahanov
Batting: RHB Steve Jordan 0-0: Called Strike
0-1: Ball
1-1: Ball
2-1: Ball
3-1: Foul Ball, location: 2F
3-2: Base on Balls
Batting: LHB Theodore Conboy 0-0: Ball
1-0: Swinging Strike
1-1: Ball
2-1: Foul Ball, location: 2F
2-2: Grounds into double play, 4-6-3 (Groundball, 4, EV 88.1 MPH)
Batting: RHB Tommie Eaton 0-0: Called Strike
0-1: Fly out, F8 (Flyball, 78XD, EV 91.3 MPH)
Top of the 2nd over - 0 runs, 0 hits, 0 errors, 0 left on base; Pittsburgh 0 - Milwaukee 0
BOTTOM OF THE 2ND
Milwaukee Brewers batting - Pitching for Pittsburgh Pirates : RHP Chris Lincecum II
Batting: RHB Adrian Rudkilde 0-0: Ball
1-0: Called Strike
1-1: Ball
2-1: Ground out 4-3 (Groundball, 4MD, EV 82.5 MPH)
Batting: SHB Jean-François Bernard 0-0: Ball
1-0: Ball
2-0: Called Strike
2-1: Ball
3-1: Foul Ball, location: 2F
3-2: Ground out 6-3 (Groundball, 6M, EV 100.6 MPH)
Batting: RHB Adriaan Pieters 0-0: Foul Ball, location: 2F
0-1: Called Strike
0-2: Ball
1-2: Ball
2-2: Ball
3-2: Foul Ball, location: 2F
3-2: Foul Ball, location: 2F
3-2: Foul Ball, location: 2F
3-2: Base on Balls
Batting: RHB Kisho Ito 0-0: Ground out 4-3 (Groundball, 4S, EV 88.8 MPH)
Bottom of the 2nd over - 0 runs, 0 hits, 0 errors, 1 left on base; Pittsburgh 0 - Milwaukee 0
TOP OF THE 3RD
Pittsburgh Pirates batting - Pitching for Milwaukee Brewers : RHP Oleg Bahanov
Batting: RHB Mike Bates 0-0: Ball
1-0: Called Strike
1-1: Ball
2-1: Ball
3-1: Called Strike
3-2: Foul Ball, location: 2F
3-2: Foul Ball, location: 2F
3-2: Foul Ball, location: 2F
3-2: SINGLE (Flyball, 8LS, EV 85.0 MPH)
Batting: RHB Raul Mendoza 0-0: Ball
1-0: Ball
Mike Bates steals 2nd base (no throw)
2-0: Ground out 6-3 (Groundball, 6, EV 106.3 MPH)
Batting: RHB Lupe Covarrubias 0-0: Ball
1-0: Ball
2-0: Called Strike
2-1: Foul Ball, location: 2F
2-2: Foul Ball, location: 2F
2-2: Strikes out looking
Batting: RHB Andrew Robinson 0-0: Called Strike
0-1: Foul Ball, location: 2F
0-2: Ground out 6-3 (Groundball, 6, EV 88.8 MPH)
Top of the 3rd over - 0 runs, 1 hit, 0 errors, 1 left on base; Pittsburgh 0 - Milwaukee 0
BOTTOM OF THE 3RD
Milwaukee Brewers batting - Pitching for Pittsburgh Pirates : RHP Chris Lincecum II
Batting: RHB Yuichi Matsuoka 0-0: Foul Ball, location: 2F
0-1: Ground out 4-3 (Groundball, 4S, EV 83.8 MPH)
Batting: RHB Akitada Nishizawa 0-0: Called Strike
0-1: Swinging Strike
0-2: Ball
1-2: Strikes out swinging
Batting: RHB Emilio Gallegos 0-0: Fly out, F9 (Flyball, 89D, EV 92.5 MPH)
Bottom of the 3rd over - 0 runs, 0 hits, 0 errors, 0 left on base; Pittsburgh 0 - Milwaukee 0
TOP OF THE 4TH
Pittsburgh Pirates batting - Pitching for Milwaukee Brewers : RHP Oleg Bahanov
Batting: RHB Eisse Bravenboer 0-0: Ball
1-0: Foul Ball, location: 2F
1-1: Ball
2-1: Ball
3-1: Foul Ball, location: 2F
3-2: Foul Ball, location: 2F
3-2: Foul Ball, location: 2F
3-2: Base on Balls
Batting: RHB Jeckel Hester 0-0: Called Strike
0-1: Called Strike
Eisse Bravenboer steals 2nd base (no throw)
0-2: Ball
1-2: Ball
2-2: Ball
3-2: Base on Balls
Batting: RHB Steve Jordan 0-0: Ball
1-0: Swinging Strike
1-1: Ball
2-1: Ball
3-1: Fly out, F9 (Flyball, 89S, EV 88.8 MPH)
Batting: LHB Theodore Conboy 0-0: Called Strike
0-1: Ball
1-1: Foul Ball, location: 2F
1-2: Foul Ball, location: 2F
1-2: Foul Ball, location: 2F
1-2: SINGLE (Line Drive, 9LM, EV 91.9 MPH)
Eisse Bravenboer to third
Jeckel Hester to second
Runner from 3rd tries for Home, SAFE, throw by RF to home
Batting: RHB Tommie Eaton 0-0: Ball
1-0: SINGLE (Groundball, 6MD, EV 97.5 MPH)
Jeckel Hester to third
Theodore Conboy to second
Runner from 3rd tries for Home, SAFE, throw by CF to home
Batting: RHB Mike Bates 0-0: DOUBLE (Flyball, 78XD, EV 99.4 MPH)
Theodore Conboy scores
Tommie Eaton to third
Runner from 3rd tries for Home, SAFE, throw by LF to home
Batting: RHB Raul Mendoza 0-0: Ball
1-0: Foul Ball, location: 2F
1-1: Called Strike
Mike Bates steals 3rd base
1-2: Ground out 6-3 (Groundball, 6, EV 80.0 MPH)
Mike Bates scores
Batting: RHB Lupe Covarrubias 0-0: Foul Ball, location: 2F
0-1: Foul Ball, location: 2F
0-2: Ball
1-2: Ball
2-2: Foul Ball, location: 2F
2-2: Foul Ball, location: 2F
2-2: Ball
3-2: Base on Balls
Pitching: RHP Nick Butler
Batting: RHB Andrew Robinson 0-0: Ball
Lupe Covarrubias steals 2nd base
1-0: Called Strike
1-1: Swinging Strike
1-2: Strikes out swinging
Top of the 4th over - 5 runs, 3 hits, 0 errors, 1 left on base; Pittsburgh 5 - Milwaukee 0
BOTTOM OF THE 4TH
Milwaukee Brewers batting - Pitching for Pittsburgh Pirates : RHP Chris Lincecum II
Batting: RHB Bobby Muniz 0-0: Ground out 6-3 (Groundball, 6, EV 111.3 MPH)
Batting: LHB Jeff Taylor 0-0: Ball
1-0: Ground out 4-3 (Groundball, 4, EV 85.0 MPH)
Batting: RHB Adrian Rudkilde 0-0: Called Strike
0-1: Swinging Strike
0-2: Strikes out swinging
Bottom of the 4th over - 0 runs, 0 hits, 0 errors, 0 left on base; Pittsburgh 5 - Milwaukee 0
TOP OF THE 5TH
Pittsburgh Pirates batting - Pitching for Milwaukee Brewers : RHP Nick Butler
Batting: RHB Eisse Bravenboer 0-0: Ball
1-0: Ball
2-0: Swinging Strike
2-1: Swinging Strike
2-2: Foul Ball, location: 2F
2-2: Foul Ball, location: 2F
2-2: Foul Ball, location: 2F
2-2: Strikes out swinging
Batting: RHB Jeckel Hester 0-0: Fly out, F9 (Flyball, 89M, EV 89.4 MPH)
Batting: RHB Steve Jordan 0-0: Ball
1-0: SOLO HOME RUN (Flyball, 7LD, EV 91.9 MPH), Distance : 360 ft
Batting: LHB Theodore Conboy 0-0: Fly out, F9 (Flyball, 9S, EV 93.1 MPH)
Top of the 5th over - 1 run, 1 hit, 0 errors, 0 left on base; Pittsburgh 6 - Milwaukee 0
BOTTOM OF THE 5TH
Milwaukee Brewers batting - Pitching for Pittsburgh Pirates : RHP Chris Lincecum II
Batting: SHB Jean-François Bernard 0-0: Ball
1-0: Called Strike
1-1: Fly out, F7 (Flyball, 78S, EV 84.4 MPH)
Batting: RHB Adriaan Pieters 0-0: Ball
1-0: Foul Ball, location: 2F
1-1: SINGLE (Groundball, 4MD, EV 105.0 MPH)
Batting: RHB Kisho Ito 0-0: Ball
1-0: Foul Ball, location: 2F
1-1: Called Strike
1-2: Grounds into double play, 6-4-3 (Groundball, 6, EV 103.1 MPH)
Bottom of the 5th over - 0 runs, 1 hit, 0 errors, 0 left on base; Pittsburgh 6 - Milwaukee 0
TOP OF THE 6TH
Pittsburgh Pirates batting - Pitching for Milwaukee Brewers : RHP Nick Butler
Batting: RHB Tommie Eaton 0-0: Swinging Strike
0-1: SINGLE (Line Drive, 3D, EV 95.6 MPH)
Batting: RHB Mike Bates 0-0: Foul Ball, location: 2F
0-1: Fly out, F7 (Flyball, 7S, EV 91.9 MPH)
Batting: RHB Raul Mendoza 0-0: Hit by Pitch
Tommie Eaton to second
Batting: RHB Lupe Covarrubias 0-0: Ball
1-0: Swinging Strike
1-1: Foul Ball, location: 2F
1-2: Foul Ball, location: 2F
1-2: Strikes out swinging
Batting: RHB Andrew Robinson 0-0: Called Strike
0-1: Ball
Passed Ball!
Tommie Eaton to third
Raul Mendoza to second
1-1: Ball
2-1: Called Strike
2-2: Strikes out swinging
Top of the 6th over - 0 runs, 1 hit, 0 errors, 2 left on base; Pittsburgh 6 - Milwaukee 0
BOTTOM OF THE 6TH
Milwaukee Brewers batting - Pitching for Pittsburgh Pirates : RHP Chris Lincecum II
Batting: RHB Yuichi Matsuoka 0-0: Called Strike
0-1: Ball
1-1: Ball
2-1: Ground out 5-3 (Groundball, 56, EV 102.5 MPH)
Batting: RHB Akitada Nishizawa 0-0: Foul Ball, location: 2F
0-1: Ground out U3 (Groundball, 3S, EV 67.5 MPH)
Batting: RHB Emilio Gallegos 0-0: Foul Ball, location: 2F
0-1: Ball
1-1: Foul Ball, location: 2F
1-2: Ball
2-2: Ball
3-2: Strikes out swinging
Bottom of the 6th over - 0 runs, 0 hits, 0 errors, 0 left on base; Pittsburgh 6 - Milwaukee 0
TOP OF THE 7TH
Pittsburgh Pirates batting - Pitching for Milwaukee Brewers : RHP Nick Butler
Batting: RHB Eisse Bravenboer 0-0: Ball
1-0: Foul Ball, location: 2F
1-1: Ball
2-1: Ball
3-1: Foul Ball, location: 2F
3-2: Base on Balls
Pitching: RHP Malibok Fflunker
Batting: RHB Jeckel Hester 0-0: Swinging Strike
Balk!
Eisse Bravenboer to second
0-1: Ball
1-1: Called Strike
1-2: SINGLE (Line Drive, 89M, EV 110.6 MPH)
Eisse Bravenboer to third
Runner from 3rd tries for Home, SAFE, throw by CF to home
Batting: RHB Steve Jordan 0-0: Called Strike
Jeckel Hester steals 2nd base
0-1: Ball
1-1: Ball
2-1: Foul Ball, location: 2F
2-2: Foul Ball, location: 2F
2-2: Ball
3-2: Foul Ball, location: 2F
3-2: Base on Balls
Batting: LHB Theodore Conboy 0-0: Foul Ball, location: 2F
0-1: Ground out 4-3 (Groundball, 34D, EV 104.4 MPH)
Jeckel Hester to third
Steve Jordan to second
Pinch Hitting: RHB Pedro Nin 0-0: Ball
1-0: Ground out 6-3 (Groundball, 6S, EV 67.5 MPH)
Jeckel Hester scores
Steve Jordan to third
Batting: RHB Mike Bates 0-0: Ball
1-0: Ball
2-0: Ball
3-0: Called Strike
3-1: 2-RUN HOME RUN (Flyball, 9LD, EV 96.3 MPH), Distance : 362 ft
Batting: RHB Raul Mendoza 0-0: Ball
1-0: Ball
2-0: Called Strike
2-1: Ground out 6-3 (Groundball, 56, EV 104.4 MPH)
Top of the 7th over - 4 runs, 2 hits, 0 errors, 0 left on base; Pittsburgh 10 - Milwaukee 0
BOTTOM OF THE 7TH
Milwaukee Brewers batting - Pitching for Pittsburgh Pirates : RHP Chris Lincecum II
Now at SS: Pedro Nin
Batting: RHB Bobby Muniz 0-0: Ball
1-0: Foul Ball, location: 2F
1-1: Ball
2-1: Swinging Strike
2-2: Ball
3-2: SINGLE (Groundball, 6MD, EV 96.3 MPH)
Batting: LHB Jeff Taylor 0-0: Called Strike
0-1: Swinging Strike
0-2: Foul Ball, location: 2F
0-2: Strikes out looking
Batting: RHB Adrian Rudkilde 0-0: Called Strike
0-1: Ball
1-1: Ball
2-1: 2-RUN HOME RUN (Flyball, 7D, EV 102.5 MPH), Distance : 382 ft
Batting: SHB Jean-François Bernard 0-0: Called Strike
0-1: Swinging Strike
0-2: Ball
1-2: Strikes out looking
Pinch Hitting: RHB Daniel Donovan 0-0: Ball
1-0: Ball
2-0: Foul Ball, location: 2F
2-1: Foul Ball, location: 2F
2-2: Ball
3-2: Base on Balls
Pinch Hitting: RHB Noah Stanley 0-0: Called Strike
0-1: Called Strike
0-2: Ball
1-2: Ground out 5-3 (Groundball, 56S, EV 90.6 MPH)
Bottom of the 7th over - 2 runs, 2 hits, 0 errors, 1 left on base; Pittsburgh 10 - Milwaukee 2
TOP OF THE 8TH
Pittsburgh Pirates batting - Pitching for Milwaukee Brewers : RHP Malibok Fflunker
Now at SS: Noah Stanley
Now in LF: Daniel Donovan
Now in RF: Akitada Nishizawa
Batting: RHB Lupe Covarrubias 0-0: Called Strike
0-1: Fly out, F8 (Flyball, 89D, EV 94.4 MPH)
Batting: RHB Andrew Robinson 0-0: Called Strike
0-1: Swinging Strike
0-2: Ball
1-2: Ball
2-2: Ball
3-2: DOUBLE (Line Drive, 9LD, EV 105.0 MPH)
Pitching: RHP Willie Felix
Batting: RHB Eisse Bravenboer 0-0: Ball
1-0: Foul Ball, location: 2F
1-1: Ball
2-1: Foul Ball, location: 2F
2-2: Ball
3-2: Ground out 6-3 (Groundball, 6, EV 82.5 MPH)
Andrew Robinson to third
Batting: RHB Jeckel Hester 0-0: Swinging Strike
0-1: Ball
1-1: Foul Ball, location: 2F
1-2: Strikes out swinging
Top of the 8th over - 0 runs, 1 hit, 0 errors, 1 left on base; Pittsburgh 10 - Milwaukee 2
BOTTOM OF THE 8TH
Milwaukee Brewers batting - Pitching for Pittsburgh Pirates : RHP Chris Lincecum II
Batting: RHB Yuichi Matsuoka 0-0: Swinging Strike
0-1: Swinging Strike
0-2: Ball
1-2: Ball
2-2: Strikes out swinging
Batting: RHB Akitada Nishizawa 0-0: Ball
1-0: Ground out 6-3 (Groundball, 6, EV 90.6 MPH)
Batting: RHB Emilio Gallegos 0-0: SINGLE (Groundball, 56S, EV 73.8 MPH) (infield hit)
Batting: RHB Bobby Muniz 0-0: Ball
1-0: SINGLE (Groundball, 56D, EV 103.8 MPH)
Emilio Gallegos to second
Batting: LHB Jeff Taylor 0-0: Called Strike
0-1: Foul Ball, location: 2F
0-2: Strikes out swinging
Bottom of the 8th over - 0 runs, 2 hits, 0 errors, 2 left on base; Pittsburgh 10 - Milwaukee 2
TOP OF THE 9TH
Pittsburgh Pirates batting - Pitching for Milwaukee Brewers : RHP Willie Felix
Batting: RHB Steve Jordan 0-0: Ball
1-0: Foul Ball, location: 2F
1-1: Foul Ball, location: 2F
1-2: Foul Ball, location: 2F
1-2: Strikes out swinging
Batting: LHB Theodore Conboy 0-0: Ball
1-0: Called Strike
1-1: Ball
2-1: Fly out, F8 (Line Drive, 8LM, EV 83.8 MPH)
Batting: RHB Pedro Nin 0-0: Called Strike
0-1: Ball
1-1: Swinging Strike
1-2: Strikes out swinging
Top of the 9th over - 0 runs, 0 hits, 0 errors, 0 left on base; Pittsburgh 10 - Milwaukee 2
BOTTOM OF THE 9TH
Milwaukee Brewers batting - Pitching for Pittsburgh Pirates : RHP Chris Lincecum II
Batting: RHB Adrian Rudkilde 0-0: Foul Ball, location: 2F
0-1: Ball
1-1: Foul Ball, location: 2F
1-2: Ball
2-2: Foul Ball, location: 2F
2-2: Foul Ball, location: 2F
2-2: Strikes out swinging
Batting: SHB Jean-François Bernard 0-0: Called Strike
0-1: Ball
1-1: SINGLE (Groundball, 56S, EV 65.6 MPH) (infield hit)
Pitching: LHP Riichi Yamashita
Batting: RHB Daniel Donovan 0-0: Called Strike
0-1: Fielders Choice at 2nd, 5-4 (Groundball, 5L, EV 85.0 MPH)
Batting: RHB Noah Stanley 0-0: Fly out, F8 (Line Drive, 8RD, EV 96.9 MPH)
Bottom of the 9th over - 0 runs, 1 hit, 0 errors, 1 left on base; Pittsburgh 10 - Milwaukee 2
Thursday, March 31st , 2022 - OOTP Baseball 22.12 Build 89